 Dungeon Crawl Stone Soup version 0.31-a0-246-g8cbcc1cb85 (webtiles) character file.

Game seed: 15446196320954996314

46 qw the Shooter (level 3, -3/21 HPs)
             Began as a Gargoyle Hexslinger on July 12, 2023.
             Slain by a gnoll
             ... wielding a +0 spear
              (5 damage)
             ... on level 3 of the Dungeon.
             The game lasted 00:00:30 (1466 turns).

qw the Shooter (Gargoyle Hexslinger)                Turns: 1466, Time: 00:00:30

Health: -3/21      AC:  8    Str: 11    XL:     3   Next: 66%
Magic:  4/4        EV: 10    Int: 13    God:
Gold:   179        SH:  0    Dex: 14    Spells: 3/4 levels left

rFire   . . .        Y - +1 sling
rCold   . . .        (no shield)
rNeg    + . .        f - +0 ring mail
rPois   inf          (no helmet)
rElec   +            (no cloak)
rCorr   .            (no gloves)
SInv    .            (no boots)
Will    .....        (no amulet)
Stlth   +            (no ring)
HPRegen 0.23/turn    (no ring)
MPRegen 0.09/turn

%: no passive effects
@: about to teleport
A: sickness immunity, AC +3, negative energy resistance 1, electricity
resistance, torment resistance 1, petrification resistance
a: no special abilities


You were on level 3 of the Dungeon.
You visited 1 branch of the dungeon, and saw 3 of its levels.

You collected 179 gold pieces.


Innate Abilities, Weirdness & Mutations

You are immune to sickness and miasma.
Your stone body is resilient. (AC +3)
You are immune to poison.
You resist negative energy. (rN+)
You are resistant to electric shocks. (rElec)
You are resistant to unholy torment.
You are immune to petrification.


   Skills:
 - Level 2.0 Fighting
 + Level 3.5 Ranged Weapons
 - Level 1.5 Dodging
 - Level 1.0 Spellcasting
 - Level 2.6 Hexes


You had 3 spell levels left.
You knew the following spells:

 Your Spells              Type           Power      Damage    Failure   Level
a - Slow                  Hex            28%        N/A       22%         1

Your spell library contained the following spells:

 Spells                   Type           Power      Damage    Failure   Level
 Inner Flame              Hex/Fire       4%         N/A       75%         3
 Portal Projectile        Hex/Tloc       8%         N/A       75%         3
 Cause Fear               Hex            3%         N/A       92%         4

Inventory:

Hand Weapons
 Y - a +1 sling (weapon)
Armour
 f - a +0 ring mail (worn)
Potions
 c - a potion of brilliance {unknown}
 d - a potion of mutation {unknown}
 e - a potion of curing {unknown}
 i - a potion of magic {unknown}

Dungeon Overview and Level Annotations

Branches:
Dungeon (3/15)

Altars:

Shops:
D:1 =


Message History

(D) Dungeon
Where to? (* - list waypoints, Enter - D:2, ? - help)
What level of the Dungeon? (default 1, ? - help)
You feel less attractive to monsters.
There is a stone staircase leading down here.
You climb downwards.
You hear the sound of rushing water.
There is an entrance to a sewer on this level.
Hurry and find it before the portal rusts away!
The gnoll shouts! x2
Found a stone staircase leading down.
There is a stone staircase leading up here.
There are monsters nearby!
Waypoint 2 assigned to D:3.
1458 ||| PLANNING SEWER You shoot a sling bullet.
The sling bullet hits the gnoll.
The gnoll is lightly wounded.
A gnoll comes into view. It is wielding a +0 spear.
1459 ||| Stepping ~*~*~tactically~*~*~ (outnumbered).
You shoot a sling bullet. The sling bullet hits the gnoll.
The gnoll is heavily wounded.
A gnoll and an endoplasm come into view.
The gnoll shouts!
You hear a shout!
There is a stone staircase leading up here.
1462 ||| Stepping ~*~*~tactically~*~*~ (outnumbered).
You shoot a sling bullet. The sling bullet hits the gnoll.
The gnoll is moderately wounded.
The gnoll hits you with a +0 flail!
You shoot a sling bullet. The sling bullet hits the gnoll.
The gnoll is heavily wounded.
You shoot a sling bullet.
The sling bullet hits the gnoll but does no damage.
The gnoll is heavily wounded.
The gnoll hits you from afar with a +0 spear. x2
The gnoll hits you with a +0 flail.
1466 ||| READING scroll of teleportation.
As you read the scroll of teleportation, it crumbles to dust.
You feel strangely unstable. The gnoll barely misses you.
The gnoll hits you from afar with a +0 spear.
You die...

..#####
#.#...#
#.#...### #
#.>...g.# #.
#........
#..###......J#
#...gg...#
#.#<# #g@#
##.# ###


You could see 3 gnolls.

Vanquished Creatures
  A worm (D:2)
  A dart slug (D:1)
  6 endoplasms
  A giant cockroach (D:1)
  6 goblins
  4 hobgoblins (D:2)
  4 kobolds
  4 ball pythons
  7 bats
  3 frilled lizards
  3 rats
40 creatures vanquished.

Notes
Turn   | Place    | Note
-------+----------+-------------------------------------------
     0 | D:1      | qw the Gargoyle Hexslinger began the quest for the Orb.
     0 | D:1      | Reached XP level 1. HP: 12/12 MP: 2/2
     0 | D:1      | 0 ||| qw: Version: 0.3-a-52-g30416fa
     0 | D:1      | 0 ||| qw: Game counter: 6424
     0 | D:1      | 0 ||| qw: Melee chars always use a shield: true
     0 | D:1      | 0 ||| qw: God list: Okawaru
     0 | D:1      | 0 ||| qw: Allow faded altars: false
     0 | D:1      | 0 ||| qw: Do Orc after clearing Dungeon:15 true
     0 | D:1      | 0 ||| qw: Do second Lair branch before Depths: true
     0 | D:1      | 0 ||| qw: Lair rune preference: random
     0 | D:1      | 0 ||| qw: Goals: Normal
     0 | D:1      | 0 ||| PLANNING D:1-11
   172 | D:1      | Reached XP level 2. HP: 16/16 MP: 3/3
   221 | D:1      | Reached skill level 3 in Ranged Weapons
   436 | D:1      | Found Hec Sadgh's Jewellery Shoppe.
   449 | D:1      | 449 ||| SHOPLISTING amulet of faith (520 gold, have 34).
   449 | D:1      | 449 ||| SHOPLISTING ring "Videalea" {+Blink rN+ AC+4 Dex+4}
                  | (813 gold, have 34).
   449 | D:1      | 449 ||| SHOPLISTING ring of fire (325 gold, have 34).
   449 | D:1      | 449 ||| SHOPLISTING ring of ice (325 gold, have 34).
   449 | D:1      | 449 ||| SHOPLISTING ring of see invisible (195 gold, have
                  | 34).
   588 | D:1      | 588 ||| UPGRADING to +0 ring mail.
   598 | D:1      | 598 ||| DROPPING +0 robe.
   599 | D:1      | 599 ||| READING scroll labelled OTEXOH YMIBY.
   600 | D:1      | 600 ||| DROPPING scroll of poison.
   617 | D:2      | Reached XP level 3. HP: 21/21 MP: 4/4
  1427 | D:2      | 1427 ||| READING scroll labelled LADWUR ELUZ.
  1428 | D:2      | 1428 ||| READING 2 scrolls labelled FIOSAF ICOFU.
  1433 | D:2      | 1433 ||| READING scroll labelled XEM MA CEI.
  1434 | D:2      | 1434 ||| DRINKING 2 golden potions.
  1435 | D:2      | 1435 ||| DROPPING potion of attraction.
  1458 | D:3      | 1458 ||| PLANNING SEWER
  1459 | D:3      | 1459 ||| Stepping ~*~*~tactically~*~*~ (outnumbered).
  1462 | D:3      | 1462 ||| Stepping ~*~*~tactically~*~*~ (outnumbered).
  1465 | D:3      | HP: 2/21 [gnoll/+0 flail (4)]
  1466 | D:3      | 1466 ||| READING scroll of teleportation.
  1466 | D:3      | Slain by a gnoll

Levels and vault maps discovered:
D:1:      evilmike_arrival_home_sweet_home, layout_loops_ring, serial_shops,
          nicolae_lakefront_shop, st_stairs_12, minmay_pentomino_s4
D:2:      minmay_general_purpose_star, layout_basic
D:3:      layout_loops_ring, mainiacjoe_overflow_cross_hatched,
          mainiacjoe_overflow_two_lobes, gup_sewer_entry_pipe,
          nicolae_figureground_pulse

Skill      XL: |  1  2  3 |
---------------+----------+-----
Ranged Weapons | 3 |  3.5
Fighting       | 2 |  2.0
Dodging        | |  1.5
Spellcasting   | |  1.0
Hexes          | |  2.6

Action                     || total
---------------------------++-------
   Fire: Sling             ||    94
    Use: Scroll            ||     5
         Potion            ||     1
 Armour: Robe              ||     6
         Ring mail         ||     7
  Dodge: Dodged            ||    19

Table legend:
 A = Non-vault XP
 B = Vault XP
 C = Vault XP percentage of total XP
 D = Non-vault monster count
 E = Vault monster count
 F = Vault count percentage of total count
                 A         B        C        D         E       F
            +---------+---------+-------+---------+---------+-------
      Total |      53 |      13 |  19.7 |      33 |       7 |  17.5
            +---------+---------+-------+---------+---------+-------
        D:1 |      23 |      10 |  30.3 |      17 |       4 |  19.0
        D:2 |      30 |       3 |   9.1 |      16 |       3 |  15.8
            +---------+---------+-------+---------+---------+-------
